 Dungeon Crawl Stone Soup version 0.30.0-5-g1a98f26d00 (webtiles) character file.

Game seed: 4339767032680929620

144816 Esekla the Eclecticist (level 18, -8/223 HPs)
             Began as a Formicid Conjurer on May 11, 2023.
             Was a High Priest of Ashenzari.
             Killed from afar by Aizul (9 damage)
             ... with a bolt of poison
             ... on level 1 of the Snake Pit.
             The game lasted 04:04:13 (34798 turns).

Esekla the Eclecticist (Formicid Conjurer)         Turns: 34798, Time: 04:04:13

Health: -8/223     AC: 42    Str: 13    XL:     18   Next: 3%
Magic:  57/57      EV:  2    Int: 25    God:    Ashenzari [*****.]
Gold:   737        SH: 10    Dex: 19    Spells: 23/52 levels left

rFire   + + +        a - +9 lance "Wyrmbane" {slay drac, rPois rF+ rC+ AC+3}
rCold   + + +        d - +3 buckler of the Chained Shame {reflect, Melee, Bglg} (curse)
rNeg    . . .        B - melded +4 troll leather armour "Restrained Together" {Regen+, Snorg, Melee, Comp} (curse)
rPois   +            (helmet unavailable)
rElec   +            N - melded +2 cloak of the Pangnostic Cosmos {rCorr, Melee, Cun} (curse)
rCorr   +            E - melded +0 pair of gloves "Celestial Portent" {Elem, Cun} (curse)
SInv    +            U - melded +2 pair of boots of the Revealing Planets {Fly, Self, Elem} (curse)
Will    +....        x - amulet of the Tethered Comet {RegenMP, Melee, Self} (curse)
Stlth   +++++        I - ring of the Pangnostic Burden {MP+9, Alch, Melee} (curse)
HPRegen 0.57/turn    W - ring of Tufoim {rF+ rC+ rCorr MP+9 Dex+7}
MPRegen 0.75/turn

%: reflection, clarity
@: mighty, lethally poisoned (-8 -> -13), ice-armoured, tree-form, resistant,
wereblooded
A: stationary, stasis, torment immunity, boosted hp, permanent stasis, dig
shafts and tunnels, (antennae 3), four strong arms
a: Renounce Religion, Curse Item, Shatter the Chains


You were on level 1 of the Snake Pit.
You worshipped Ashenzari.
Ashenzari was extremely pleased with you.
You were a tree.
You visited 6 branches of the dungeon, and saw 27 of its levels.
You also visited: Ossuary, Gauntlet and Ice Cave.

You collected 3883 gold pieces.
You spent 3146 gold pieces at shops.

Inventory:

Hand Weapons
 a - the +9 lance "Wyrmbane" (weapon) {slay drac, rPois rF+ rC+ AC+3}
   (You found it in a Gauntlet)

   AC:        It affects your AC (+3).
   rF:        It protects you from fire.
   rC:        It protects you from cold.
   rPois:     It protects you from poison.
 c - a +2 long sword of protection
 f - a +4 scimitar of flaming
 s - a +2 dagger of venom
 w - a +0 long sword of holy wrath
Missiles
 l - 24 poisoned darts
 r - 11 curare-tipped darts
 F - 22 boomerangs (quivered)
 J - 3 throwing nets
 X - 6 silver javelins
Armour
 d - the cursed +3 buckler of the Chained Shame (worn) {reflect, Melee, Bglg}
   (You bought it in a shop on level 11 of the Dungeon)

   It has a curse which improves the following skills: Melee Combat: Short
   Blades, Long Blades, Axes, Maces & Flails, Polearms, Staves and Unarmed
   Combat.
   Beguiling: Conjurations, Hexes and Translocations.
 B - the cursed +4 troll leather armour "Restrained Together" (melded) {Regen+, Snorg, Melee, Comp}
   (You found it on level 10 of the Dungeon)

   Regen:     It increases your rate of health regeneration.
   It has a curse which improves the following skills: Melee Combat: Short
   Blades, Long Blades, Axes, Maces & Flails, Polearms, Staves and Unarmed
   Combat.
   Companions: Summonings and Necromancy.
 E - the cursed +0 pair of gloves "Celestial Portent" (melded) {Elem, Cun}
   (You found it on level 7 of the Dungeon)

   It has a curse which improves the following skills: Elements: Fire Magic, Ice
   Magic, Air Magic and Earth Magic.
   Cunning:   Dodging and Stealth.
 N - the cursed +2 cloak of the Pangnostic Cosmos (melded) {rCorr, Melee, Cun}
   (You found it in a Gauntlet)

   It has a curse which improves the following skills: Melee Combat: Short
   Blades, Long Blades, Axes, Maces & Flails, Polearms, Staves and Unarmed
   Combat.
   Cunning:   Dodging and Stealth.
 O - a +1 pair of gloves
 U - the cursed +2 pair of boots of the Revealing Planets (melded) {Fly, Self, Elem}
   (You found it in a Gauntlet)

   It has a curse which improves the following skills: Introspection: Fighting
   and Spellcasting.
   Elements:  Fire Magic, Ice Magic, Air Magic and Earth Magic.
Jewellery
 k - a ring of ice
 o - a ring of fire
 x - the cursed amulet of the Tethered Comet (around neck) {RegenMP, Melee, Self}
   (You bought it in a shop on level 2 of the Orcish Mines)

   [amulet of magic regeneration]

   It increases your rate of magic regeneration.
   It has a curse which improves the following skills: Melee Combat: Short
   Blades, Long Blades, Axes, Maces & Flails, Polearms, Staves and Unarmed
   Combat.
   Introspection: Fighting and Spellcasting.
 I - the cursed ring of the Pangnostic Burden (left branch) {MP+9, Alch, Melee}
   (You found it on level 12 of the Dungeon)

   [ring of magical power]

   MP:        It affects your magic capacity (+9).
   It has a curse which improves the following skills: Alchemy: Poison Magic and
   Transmutations.
   Melee Combat: Short Blades, Long Blades, Axes, Maces & Flails, Polearms,
   Staves and Unarmed Combat.
 S - a ring of wizardry
 W - the ring of Tufoim (right branch) {rF+ rC+ rCorr MP+9 Dex+7}
   (You bought it in a shop on level 2 of the Orcish Mines)

   [ring of protection from fire]

   Dex:       It affects your dexterity (+7).
   rF:        It protects you from fire.
   rC:        It protects you from cold.
   MP:        It affects your magic capacity (+9).
   rCorr:     It protects you from acid and corrosion.
Wands
 m - a wand of flame (37)
 G - a wand of mindburst (2)
 H - a wand of paralysis (8)
 M - a wand of quicksilver (11)
 Q - a wand of roots (64)
Scrolls
 h - 7 scrolls of enchant weapon
 t - 7 scrolls of magic mapping
 u - a scroll of silence
 v - 3 scrolls of poison
 y - a scroll of amnesia
 A - 6 scrolls of fog
 D - 2 scrolls of fear
 P - a scroll of enchant armour
 T - a scroll of butterflies
Potions
 b - 3 potions of magic
 i - 8 potions of mutation
 j - a potion of might
 n - 3 potions of lignification
 p - 4 potions of cancellation
 q - 3 potions of brilliance
 C - 4 potions of attraction
 K - 2 potions of invisibility
 R - 4 potions of resistance
Miscellaneous
 L - a lightning rod (4/4)


   Skills:
 * Level 12.9(15.0) Fighting
 + Level 4.0(9.2) Short Blades
 + Level 7.6(12.1) Long Blades
 * Level 7.6(11.8) Polearms
 + Level 3.9 Throwing
 + Level 5.7 Armour
 + Level 7.3 Dodging
 - Level 9.7 Stealth
 + Level 8.8 Shields
 * Level 15.9(17.9) Spellcasting
 + Level 6.0(8.1) Conjurations
 + Level 0.2(0.8) Translocations
 + Level 6.3(8.4) Transmutations
 + Level 5.2 Fire Magic
 + Level 9.3 Ice Magic
 + Level 6.0 Air Magic
 + Level 9.0(11.2) Poison Magic


You had 23 spell levels left.
You knew the following spells:

 Your Spells              Type           Power      Damage    Failure   Level
a - Ozocubu's Armour      Ice            62%        N/A       1%          3
b - Magic Dart            Conj           100%       1d8       1%          1
c - Mephitic Cloud        Conj/Pois/Air  59%        N/A       1%          3
e - Searing Ray           Conj           100%       2d8       1%          2
n - Ignite Poison         Fire/Tmut/Pois 59%        N/A       1%          3
p - Apportation           Tloc           52%        N/A       1%          1
r - Frozen Ramparts       Ice            100%       1d16      1%          3
v - Poisonous Vapours     Pois/Air       100%       N/A       1%          2
w - Wereblood             Tmut           60%        N/A       1%          2
x - Olgreb's Toxic Radia  Pois           68%        N/A       1%          4
z - Freezing Cloud        Conj/Ice/Air   29%        6-21      3%          5

Your spell library contained the following spells:

 Spells                   Type           Power      Damage    Failure   Level
 Sting                    Tmut/Pois      100%       1d8       1%          1
 Cigotuvi's Dreadful Rot  Necr/Pois/Air  100%       N/A       1%          2
 Ensorcelled Hibernation  Hex/Ice        92%        N/A       1%          2
 Momentum Strike          Conj/Tloc      88%        3d10      1%          2
 Passwall                 Tmut/Erth      35%        N/A       1%          2
 Dazzling Flash           Conj/Hex       86%        N/A       1%          3
 Spider Form              Tmut/Pois      64%        N/A       1%          3
 Ice Form                 Ice/Tmut       61%        N/A       1%          4
 Alistair's Intoxication  Tmut/Pois      42%        N/A       1%          5
 Necrotise                Necr           88%        1d8       2%          1
 Summon Small Mammal      Summ           88%        N/A       2%          1
 Inner Flame              Hex/Fire       36%        N/A       2%          3
 Lesser Beckoning         Tloc           52%        N/A       3%          2
 Call Imp                 Summ           44%        N/A       4%          2
 Fulminant Prism          Conj/Hex       21%        3d12      4%          4
 Iskenderun's Mystic Bla  Conj/Tloc      44%        2d10      4%          4
 Summon Ice Beast         Ice/Summ       45%        N/A       4%          4
 Portal Projectile        Hex/Tloc       50%        N/A       7%          3
 Metabolic Englaciation   Hex/Ice        23%        N/A       11%         5
 Yara's Violent Unravell  Hex/Tmut       22%        3d10      13%         5
 Manifold Assault         Tloc           26%        N/A       21%         4
 Simulacrum               Ice/Necr       22%        N/A       52%         6
 Summon Forest            Summ/Tloc      12%        N/A       54%         5
 Storm Form               Tmut/Air       28%        N/A       75%         7
 Dispersal                Tloc           13%        N/A       97%         6
 Enfeeble                 Hex            11%        N/A       100%        7
 Summon Hydra             Summ           11%        N/A       100%        7
 Discord                  Hex            11%        N/A       100%        8
 Disjunction              Tloc           13%        N/A       100%        8
 Ignition                 Fire           24%        3d8       100%        8
 Vhi's Electric Charge    Tloc/Air       Unusable   N/A       N/A         3
 Blink                    Tloc           Unusable   N/A       N/A         2

Dungeon Overview and Level Annotations

Branches:
Dungeon (15/15)            Temple (1/1) D:5            Lair (5/5) D:10
  Swamp (3/4) Lair:3        Snake (1/4) Lair:3        Slime (0/5) Lair:4
    Orc (2/2) D:9             Elf (0/3) Orc:2        Vaults (0/5) D:14
 Depths (0/4) D:15        Ossuary (visited)           IceCv (visited)
Gauntlet (visited)

Altars:
Ashenzari
Cheibriados
Dithmenos
Elyvilon
Fedhas
Gozag
Hepliaklqana
Kikubaaqudgha
Makhleb
Nemelex Xobeh
Okawaru
Qazlal
Ru
Sif Muna
Trog
Uskayaw
Vehumet
Wu Jian
Xom
Yredelemnul
Zin
The Shining One
Jiyva

Shops:
D:9 **   D:11 =[[   D:13 =   Orc:2 =[([

Portals:
Trove: D:15 (give +5 fire dragon scales)

Annotations:
D:3 Ijyb, Terence
D:9 3 runed translucent doors, Monkooky's ghost, journeyman TeAr; TheSexyCheese's ghost, novice GrFE
Lair:1 3 runed translucent doors, Taxzan's ghost, journeyman MiGl
Snake:1 Aizul
Orc:2 2 transporters, Wevvam's ghost, journeyman HOFi


Innate Abilities, Weirdness & Mutations

You are a tree.
Your roots penetrate the ground, keeping you stationary.
You cannot be teleported.
You are immune to unholy pain and torment.
Your maximum health is greatly increased.
Your equipment is partially melded.
You cannot be hasted, slowed, berserked, paralysed or teleported.
You can dig through walls and to a lower floor.
((You have a pair of large antennae on your head. (SInv)))
Your four strong arms can wield two-handed weapons with a shield.


Message History

Aizul is moderately wounded.
You feel sick.
You closely miss Aizul.
Aizul is moderately wounded.
You feel sick. Aizul hits you but does no damage.
You miss Aizul.
Aizul is moderately wounded.
You feel sick. Aizul hits you but does no damage.
You miss Aizul.
Aizul is moderately wounded.
You feel sick. Aizul hits you but does no damage.
You completely miss Aizul.
Aizul is moderately wounded.
You feel sick. Aizul hits you.
* * * LOW HITPOINT WARNING * * *
Okay, then.
Unknown command.
You hit Aizul.
Aizul is moderately wounded.
You feel sick. Aizul hits you but does no damage.
You impale Aizul!!
Aizul is heavily wounded.
You feel sick. Aizul casts a spell at you. The poison arrow hits you!
You are more poisoned.
You partially resist.
* * * LOW HITPOINT WARNING * * *
You feel protected.
* * * LOW HITPOINT WARNING * * *
You feel very sick.
Aizul says, "I wasn't actually sleeping!"
Aizul hits you but does no damage.
You hit Aizul.
Aizul is heavily wounded.
* * * LOW HITPOINT WARNING * * *
You feel sick. Aizul casts a spell at you. The bolt of poison hits you!
You resist.
You die...

*, , ........ * #~~
,,...# *#......* ##~~ **
....####....* #P~P
...........#* ####♣~~~
**, ,,........○.○##
##...~~~. * ,
#....§§§§§°# #.....~.. ,,
,,
#....§§§§☼.####........ ,
*
##....§S§....##..#♣~~P~.
, *
#......♣..........~~♣~~~
, *
*#....))§§...........~♣P~
* *
[.....§○§...........#♣P~
,, , ,,
,......§§...........###♣♣
, , *..................##
*,, ,*
#................## ,, *
##..########......* * ,
,** #.# *........** * ,,,
* *,, ,, ~~


You could see Aizul.

Vanquished Creatures
  A tentacled monstrosity (Swamp:2)
  A thorn hunter (Swamp:2)
  Kirke (Lair:5)
  3 azure jellies (IceCv)
  A rockslime (IceCv)
  An orc warlord (Orc:2)
  A very ugly thing (D:14)
  3 quicksilver oozes (IceCv)
  Nessos (D:13)
  2 eleionomae
  A dire elephant (Lair:5)
  A bunyip (Swamp:2)
  A minotaur (Gauntlet)
  Snorg (D:10)
  A great orb of eyes (D:15)
  8 vault guards (D:14)
  3 catoblepae
  12 hydras
  4 boulder beetles
  2 ghost crabs
  A death knight (D:15)
  5 centaur warriors
  A naga warrior (Snake:1)
  12 death yaks
  13 alligators
  A deep troll shaman (Lair:5)
  4 naga sharpshooters (Snake:1)
  A shock serpent (Snake:1)
  A tengu warrior (D:13)
  2 orc high priests (Orc:2)
  12 spriggans
  A fire crab (D:15)
  Sonja (D:10)
  A skyshark (Lair:3)
  Amaemon (D:10)
  Lodul (D:10)
  2 goliath frogs
  3 spriggan druids
  A skeletal warrior (D:15)
  4 sea snakes (Snake:1)
  3 swamp dragons
  2 orc knights
  3 orange crystal statues (IceCv)
  A phantasmal warrior (D:15)
  A lindwurm (Lair:4)
  3 bog bodies
  A mana viper (Snake:1)
  25 ugly things
  A wolf spider (shapeshifter) (D:15)
  2 deep elf pyromancers (D:14)
  2 orc sorcerers (Orc:2)
  2 manticores
  A will-o-the-wisp (Swamp:2)
  3 salamanders (Snake:1)
  18 elephants
  2 cyclopes
  A moth of wrath (Gauntlet)
  8 black mambas
  A guardian serpent (Snake:1)
  3 gargoyles
  A torpor snail (Lair:4)
  2 naga magi (Snake:1)
  An orange demon (D:10)
  10 cane toads
  An unseen horror (D:12)
  An efreet (D:15)
  9 komodo dragons
  3 rime drakes
  9 hornets
  7 trolls
  A bloated husk (Swamp:1)
  4 tyrant leeches
  2 polar bears
  3 meliai (Gauntlet)
  7 blink frogs (Lair:5)
  A dream sheep (Lair:4)
  27 slime creatures
  A spriggan (shapeshifter) (D:14)
  3 shadows
  3 wraiths
  A yak (shapeshifter) (D:15)
  5 basilisks
  25 yaks
  2 wyverns (Lair:4)
  A hog (shapeshifter) (D:15)
  5 hogs (Lair:5)
  16 vampire mosquitoes
  3 redbacks (Gauntlet)
  A steam dragon (D:8)
  6 swamp worms
  Menkaure (Ossuary)
  6 wargs
  15 water moccasins
  2 acid dragons
  11 nagas
  4 ice beasts
  6 black bears
  A sky beast (D:7)
  3 swamp drakes (Swamp:1)
  A sky beast (shapeshifter) (D:13)
  37 orc warriors
  7 great orb of eyes simulacra (IceCv)
  26 wolves
  12 ogres
  10 centaurs
  7 slime creature simulacra (IceCv)
  3 kobold brigands
  12 bullfrogs
  4 scorpions
  2 glowing shapeshifter simulacra (IceCv)
  4 killer bees (D:10)
  5 electric eels
  6 howler monkeys
  3 jellies
  3 hounds
  3 human zombies (D:5)
  23 orc priests
  A human skeleton (D:5)
  7 iguanas
  24 orc wizards
  3 mummies (Ossuary)
  5 adders
  2 shadow imps (D:6)
  3 white imps
  2 worms (D:3)
  A dart slug (D:1)
  88 orcs
  5 ball pythons
  7 endoplasms
  2 giant cockroaches
  2 gnoll zombies (Ossuary)
  7 goblins
  15 hobgoblins
  5 jackals
  23 kobolds
  3 quokkas
  5 bats
  4 frilled lizards
  4 gnoll skeletons (Ossuary)
  3 goblin skeletons (Ossuary)
  6 goblin zombies (Ossuary)
  9 hobgoblin skeletons (Ossuary)
  2 hobgoblin zombies (Ossuary)
  3 kobold skeletons (Ossuary)
  6 kobold zombies (Ossuary)
  4 orc skeletons
  6 orc zombies
  6 rats
  3 rat skeletons (Ossuary)
  4 rat zombies (Ossuary)
848 creatures vanquished.

Vanquished Creatures (others)
  A bloated husk (Swamp:1)
  A blink frog (Lair:5)
  A swamp worm (Swamp:1)
  8 foxfires (Swamp:2)
11 creatures vanquished.

Grand Total: 859 creatures vanquished

Notes
Turn   | Place    | Note
-------+----------+-------------------------------------------
     0 | D:1      | Esekla the Formicid Conjurer began the quest for the Orb.
     0 | D:1      | Reached XP level 1. HP: 13/13 MP: 3/3
   306 | D:1      | Found a faded altar of an unknown god.
   323 | D:1      | Reached XP level 2. HP: 19/19 MP: 5/5
   365 | D:1      | Learned a level 2 spell: Searing Ray
   878 | D:2      | Reached XP level 3. HP: 24/24 MP: 3/6
  1432 | D:2      | Found an ancient bone altar of Kikubaaqudgha.
  1443 | D:2      | Reached XP level 4. HP: 24/31 MP: 1/7
  1517 | D:2      | Noticed Terence
  1533 | D:2      | You fall into a shaft and drop 1 floor!
  1612 | D:3      | Reached skill level 1 in Fighting
  1757 | D:3      | Noticed Ijyb
  1793 | D:3      | Reached skill level 1 in Shields
  2663 | D:2      | You fall into a shaft and drop 1 floor!
  3042 | D:2      | Reached XP level 5. HP: 35/35 MP: 7/9
  3618 | D:4      | Noticed a black bear
  3997 | D:4      | Killed a black bear
  3998 | D:4      | Reached skill level 3 in Spellcasting
  3998 | D:4      | Reached XP level 6. HP: 24/44 MP: 4/10
  4531 | D:4      | Reached skill level 1 in Short Blades
  4940 | D:5      | Entered Level 5 of the Dungeon
  5060 | D:5      | Learned a level 3 spell: Frozen Ramparts
  5065 | D:5      | Noticed an ice beast
  5091 | D:5      | Reached XP level 7. HP: 34/51 MP: 3/12
  5279 | D:5      | Found a sand-covered staircase.
  5346 | D:5      | Reached skill level 5 in Stealth
  5436 | Ossuary  | Entered an ossuary
  5478 | Ossuary  | Reached skill level 1 in Ice Magic
  6713 | Ossuary  | Noticed Menkaure
  6722 | Ossuary  | Killed Menkaure
  6723 | Ossuary  | Reached skill level 1 in Long Blades
  7063 | D:5      | Reached XP level 8. HP: 43/58 MP: 7/13
  7077 | D:5      | Reached skill level 4 in Spellcasting
  7634 | D:5      | Found a staircase to the Ecumenical Temple.
  7642 | Temple   | Entered the Ecumenical Temple
  7868 | Temple   | Became a worshipper of Ashenzari the Shackled
  8594 | D:8      | Noticed a two-headed ogre
  8609 | D:8      | You fall into a shaft and drop 1 floor!
  8752 | D:9      | Reached XP level 9. HP: 41/66 MP: 4/16
  9216 | D:6      | Reached * piety under Ashenzari
  9302 | D:6      | Reached skill level 5 in Shields
  9549 | D:6      | Reached skill level 5 in Spellcasting
  9973 | D:6      | Found a bloodstained altar of Trog.
  9973 | D:6      | Found a basalt altar of Yredelemnul.
  9978 | D:6      | Found a faded altar of an unknown god.
  9980 | D:6      | Found a faded altar of an unknown god.
  9981 | D:6      | Found a burning altar of Makhleb.
 10525 | D:7      | Reached skill level 5 in Fighting
 10572 | D:7      | Reached skill level 1 in Throwing
 10983 | D:8      | Reached skill level 6 in Spellcasting
 11085 | D:8      | You fall into a shaft and drop 2 floors!
 11085 | D:10     | Entered Level 10 of the Dungeon
 11202 | D:10     | Reached XP level 10. HP: 52/77 MP: 8/21
 11369 | D:10     | Noticed Lodul
 11539 | D:9      | Found a staircase to the Orcish Mines.
 11559 | D:9      | Found a runed translucent gate.
 11660 | D:9      | Found a runed translucent gate.
 11660 | D:9      | Found a runed translucent gate.
 11717 | D:9      | Found a white marble altar of Elyvilon.
 11736 | D:9      | Reached skill level 5 in Ice Magic
 11856 | D:9      | Found Uleed's General Store.
 12054 | D:9      | Noticed Monkooky's ghost (journeyman TeAr)
 12054 | D:9      | Noticed TheSexyCheese's ghost (novice GrFE)
 12092 | D:9      | Reached skill level 7 in Spellcasting
 12221 | D:9      | Found Ughib's General Store.
 12517 | D:10     | Reached ** piety under Ashenzari
 12942 | D:10     | Noticed a komodo dragon
 12968 | D:10     | Killed a komodo dragon
 12969 | D:10     | Reached skill level 5 in Conjurations
 12969 | D:10     | Reached XP level 11. HP: 42/87 MP: 12/24
 12998 | D:10     | Noticed Sonja
 13138 | D:10     | Noticed Amaemon
 13152 | D:10     | Killed Amaemon
 13153 | D:10     | Reached skill level 8 in Spellcasting
 13382 | D:10     | Reached skill level 5 in Dodging
 13501 | D:10     | Found a staircase to the Lair.
 13800 | D:10     | Killed Lodul
 14004 | D:10     | Noticed Snorg
 14012 | D:10     | Killed Snorg
 14013 | D:10     | Reached skill level 9 in Spellcasting
 14105 | D:10     | Reached *** piety under Ashenzari
 14164 | D:9      | Bought the Unrestrained Analects for 552 gold pieces
 14169 | D:9      | Learned a level 4 spell: Olgreb's Toxic Radiance
 14490 | D:11     | Noticed a boulder beetle
 14510 | D:11     | Killed a boulder beetle
 14511 | D:11     | Reached skill level 1 in Poison Magic
 14625 | D:11     | Noticed a centaur warrior
 14628 | D:11     | Killed a centaur warrior
 14633 | D:11     | Found a sacrificial altar of Ru.
 14807 | D:11     | Reached skill level 1 in Armour
 14807 | D:11     | Reached XP level 12. HP: 97/97 MP: 27/27
 14825 | D:11     | Found Ethraa Bomn's Antique Armour Shoppe.
 14826 | D:11     | Found Kaodgh's Armour Shoppe.
 14826 | D:11     | Found Losemof's Jewellery Shoppe.
 14920 | D:10     | Killed Sonja
 15076 | D:10     | Identified a scroll of acquirement
 15172 | D:10     | Reached skill level 5 in Long Blades
 15260 | D:11     | Bought a +1 buckler of reflection for 135 gold pieces
 15339 | D:9      | Bought a scroll of enchant armour for 90 gold pieces
 16147 | D:12     | Noticed a boulder beetle
 16160 | D:12     | Killed a boulder beetle
 16670 | Lair:1   | Entered Level 1 of the Lair of Beasts
 16882 | Lair:1   | Reached skill level 10 in Spellcasting
 16988 | Lair:1   | Learned a level 3 spell: Mephitic Cloud
 17004 | Lair:1   | Noticed a boulder beetle
 17004 | Lair:1   | Noticed Taxzan's ghost (journeyman MiGl)
 17013 | Lair:1   | Found a runed translucent gate.
 17013 | Lair:1   | Found a runed translucent gate.
 17013 | Lair:1   | Found a runed translucent gate.
 17014 | Lair:1   | Noticed a death yak
 17066 | Lair:1   | Noticed a death yak
 17067 | Lair:1   | Noticed a death yak
 17067 | Lair:1   | Noticed a death yak
 17069 | Lair:1   | Noticed a death yak
 17072 | Lair:1   | Noticed a death yak
 17084 | Lair:1   | Killed a death yak
 17085 | Lair:1   | Killed a death yak
 17085 | Lair:1   | Killed a death yak
 17086 | Lair:1   | Reached skill level 5 in Poison Magic
 17087 | Lair:1   | Killed a death yak
 17088 | Lair:1   | Killed a death yak
 17262 | Lair:1   | Reached XP level 13. HP: 104/104 MP: 29/29
 17628 | Lair:1   | Reached skill level 1 in Air Magic
 18678 | Lair:2   | Reached skill level 11 in Spellcasting
 18953 | Lair:2   | Learned a level 3 spell: Ozocubu's Armour
 19053 | Lair:3   | Noticed a six-headed hydra
 19055 | Lair:3   | Found a staircase to the Swamp.
 19064 | Lair:3   | Killed a six-headed hydra
 19836 | Lair:3   | Found a staircase to the Snake Pit.
 20210 | Lair:4   | Reached skill level 10 in Fighting
 20724 | Lair:4   | Reached XP level 14. HP: 113/113 MP: 31/31
 20888 | Lair:4   | Found a viscous altar of Jiyva.
 20890 | Lair:4   | Found a staircase to the Slime Pits.
 20911 | Lair:4   | Reached skill level 12 in Spellcasting
 21987 | Lair:4   | Identified the +10 whip "Moixal" {heavy, rPois rF+ Str+3}
 21987 | Lair:4   | Identified the Guide on Inconstant Envenoming
 22008 | Lair:4   | Learned a level 2 spell: Poisonous Vapours
 22218 | Orc:1    | Entered Level 1 of the Orcish Mines
 22371 | Orc:2    | Entered Level 2 of the Orcish Mines
 22381 | Orc:2    | Found a staircase to the Elven Halls.
 22994 | Orc:2    | Found Ommuwedd's Jewellery Shop.
 23290 | Orc:2    | Found a transporter.
 23294 | Orc:2    | Found a transporter.
 23295 | Orc:2    | Found a bloodstained altar of Trog.
 23306 | Orc:2    | Noticed Wevvam's ghost (journeyman HOFi)
 23329 | Orc:2    | Noticed a stone giant
 23950 | Orc:2    | Noticed an orc warlord
 23983 | Orc:2    | Killed an orc warlord
 24269 | Orc:2    | Found Varoca's Antique Armour Boutique.
 24356 | Orc:2    | Found Doits's Antique Weapon Shop.
 24469 | Orc:2    | Found Daxtun's Antique Armour Shop.
 24668 | Orc:2    | Bought a pair of embroidered gloves for 255 gold pieces
 24668 | Orc:2    | Bought a pair of twisted boots for 323 gold pieces
 24668 | Orc:2    | Identified the +2 pair of boots "Rosaut" {Dex+2} (You
                  | bought it in a shop on level 2 of the Orcish Mines)
 24786 | D:11     | Bought a crude leather armour for 168 gold pieces
 24786 | D:11     | Identified the +2 leather armour "Hokkef" {rElec} (You
                  | bought it in a shop on level 11 of the Dungeon)
 24892 | Orc:2    | Bought an amulet of magic regeneration for 450 gold pieces
 25098 | Lair:5   | Entered Level 5 of the Lair of Beasts
 25187 | Lair:5   | Found a gate leading to a gauntlet.
 25257 | Lair:5   | Reached skill level 13 in Spellcasting
 25367 | Lair:5   | Reached XP level 15. HP: 110/118 MP: 32/32
 25408 | Gauntlet | Entered a Gauntlet
 25408 | Gauntlet | Found a transporter.
 25411 | Gauntlet | Found a transporter.
 25413 | Gauntlet | Found a transporter.
 25416 | Gauntlet | Found a transporter.
 25417 | Gauntlet | Found a transporter.
 25419 | Gauntlet | Found a transporter.
 25419 | Gauntlet | Identified the ring "Cudwikk" {rN+ rCorr}
 25427 | Gauntlet | Found a transporter.
 25446 | Gauntlet | Found a transporter.
 25447 | Gauntlet | Noticed a balrug
 25466 | Gauntlet | Found a transporter.
 25470 | Gauntlet | Found a transporter.
 25470 | Gauntlet | Identified the ring "Nediejan" {EV+5 Int+4}
 25480 | Gauntlet | Found a transporter.
 25527 | Gauntlet | Identified the +2 helmet of Juox {rN+ Str+2}
 25541 | Gauntlet | Found a transporter.
 25541 | Gauntlet | Identified the +0 cloak of Satisfaction {Harm Int+5}
 25942 | Gauntlet | Identified Xynikhle's Information on Coordinates
 25942 | Gauntlet | Identified the +0 robe of Raicroe {Dex+3}
 25942 | Gauntlet | Identified Sif Muna's Opusculum on the Mob and the
                  | Shapeshifter
 25942 | Gauntlet | Identified the +0 ring mail "Lehom" {Regen+}
 25942 | Gauntlet | Found the +8 lance "Wyrmbane" {slay drac, rPois rF+ rC+
                  | AC+3}
 25942 | Gauntlet | Identified the +6 glaive "Killer Bee's Curse" {heavy,
                  | Dex+4}
 26081 | Gauntlet | Learned a level 3 spell: Ignite Poison
 26191 | Lair:5   | Noticed Kirke
 26212 | Lair:5   | Killed Kirke
 26301 | Lair:5   | Reached skill level 1 in Transmutations
 26304 | Lair:5   | Reached skill level 1 in Polearms
 26304 | Lair:5   | Reached skill level 1 in Fire Magic
 26546 | Lair:5   | Reached skill level 5 in Air Magic
 27090 | Lair:5   | Acquired 808 gold pieces
 27311 | Orc:2    | Bought the ring of Tufoim {rF+ rC+ rCorr MP+9 Dex+7} for
                  | 1173 gold pieces
 27640 | D:13     | Reached **** piety under Ashenzari
 27870 | D:13     | Found Jiyrunn's Jewellery Shop.
 28042 | D:13     | Noticed Nessos
 28056 | D:13     | Killed Nessos
 28120 | D:13     | Found a sparkling altar of Nemelex Xobeh.
 28369 | D:13     | Acquired the Omnibus of Metamorphosis and Graupel
 28374 | D:13     | Learned a level 2 spell: Wereblood
 28495 | D:14     | Found a frozen archway.
 28511 | D:14     | Reached skill level 14 in Spellcasting
 28521 | D:14     | Noticed a white very ugly thing
 28535 | D:14     | Killed a white very ugly thing
 28553 | D:14     | Reached XP level 16. HP: 118/133 MP: 36/36
 28604 | IceCv    | Entered an ice cave
 29151 | IceCv    | Identified the +1 spear of Big Damage {freeze, rN+ Int+4}
 29271 | IceCv    | Noticed an azure jelly
 29596 | IceCv    | Noticed an azure jelly
 29602 | IceCv    | Killed an azure jelly
 29666 | IceCv    | Found a viscous altar of Jiyva.
 29666 | IceCv    | Noticed an azure jelly
 29677 | IceCv    | Killed an azure jelly
 29677 | IceCv    | Noticed an azure jelly
 29677 | IceCv    | Noticed a rockslime
 29678 | IceCv    | Reached skill level 5 in Polearms
 29689 | IceCv    | Killed an azure jelly
 29725 | IceCv    | Killed a rockslime
 29820 | IceCv    | Identified the ring "Kileihu" {Ice *Slow rPois Str+3 SInv}
 30350 | D:14     | Found a gate to the Vaults.
 30366 | D:14     | Reached skill level 5 in Transmutations
 30478 | D:15     | Entered Level 15 of the Dungeon
 30549 | D:15     | Found a portal to a secret trove of treasure.
 31600 | D:15     | Found a staircase to the Depths.
 31605 | D:15     | a dire elephant changed into a storm dragon
 31605 | D:15     | Noticed a storm dragon (glowing shapeshifter)
 31606 | D:15     | a storm dragon changed into a quicksilver ooze
 31607 | D:15     | Reached XP level 17. HP: 140/140 MP: 38/38
 31891 | Swamp:1  | Entered Level 1 of the Swamp
 31924 | Swamp:1  | Reached skill level 5 in Fire Magic
 31926 | Swamp:1  | Reached ***** piety under Ashenzari
 32020 | Swamp:1  | Reached skill level 15 in Spellcasting
 32837 | Swamp:1  | Learned a level 1 spell: Apportation
 32974 | Swamp:2  | Identified the +2 scale mail "Hedaecucw" {Fly rF+ Dex+3
                  | Slay+2}
 32975 | Swamp:2  | Noticed a thorn hunter
 32993 | Swamp:2  | Killed a thorn hunter
 33055 | Swamp:2  | Reached skill level 5 in Armour
 33826 | Swamp:3  | Noticed a tentacled monstrosity
 33858 | Swamp:2  | Killed a tentacled monstrosity
 34033 | Snake:1  | Entered Level 1 of the Snake Pit
 34155 | Snake:1  | Learned a level 5 spell: Freezing Cloud
 34765 | Snake:1  | Noticed Aizul
 34768 | Snake:1  | Reached XP level 18. HP: 81/151 MP: 40/40
 34796 | Snake:1  | HP: 5/223 [Aizul/poison arrow (7)]
 34797 | Snake:1  | HP: 2/223 [poisoned by Aizul (poison arrow)]
 34798 | Snake:1  | Killed from afar by Aizul

Illustrated notes

Levels and vault maps discovered:
D:1:      mainiacjoe_arrival_reflecting_pool, layout_rooms,
          shapermc_ecumenical_altar_starsandcircs, serial_curves,
          eino_curves_03, eino_curves_03
D:2:      layout_loops_ring, basic_altar, uniq_terence
D:3:      layout_loops_corners, uniq_ijyb
D:4:      kb_forest_paths, layout_loops_ring
D:5:      corexii_shack_village, layout_basic,
          minmay_temple_entry_enclosed_plants, nicolae_ossuary_entry_catacombs,
          roderic_serpentine_path
D:6:      layout_loops_corners, chequers_temple_overflow_minitemple,
          lightli_minifort
D:7:      layout_gridville
D:8:      layout_basic
D:9:      layout_basic, elyvilon_altar_5, orc_0_dummy, gammafunk_ghost_cemetery,
          serial_shops, nicolae_square_shop, shop
D:10:     layout_grid_maze, grunt_lair_entry_orc_guard_hut,
          grunt_decor_fettered, serial_park_tiny_pond, nooodl_orcs_dogs,
          uniq_amaemon, uniq_sonja, uniq_lodul, uniq_snorg
D:11:     layout_roguey, nicolae_shop_distant_corner_stores,
          nicolae_ru_awakened_eye
D:12:     layout_roguey
D:13:     layout_roguey, serial_shops, nicolae_shop_rolling_square,
          nemelex_diamond_rough_becter, uniq_nessos
D:14:     layout_long_grid, erik_vaults_2, portal_ice_cave_entry_ugly_swarm
D:15:     gammafunk_enter_depths_forms, layout_basic, minmay_fountain_box,
          enter_trove_6
Temple:   mainiacjoe_temple_bowtie_tessellation
Lair:1:   layout_chaotic_city, gammafunk_ghost_split, lemuel_fruit_fields
Lair:2:   layout_regular_city
Lair:3:   layout_chaotic_city, minmay_swamp_entry_reptiles,
          nicolae_snake_entry_squirm, serial_bayou_shore_a
Lair:4:   nzn_winding_woodlands_stair_trap [nzn_winding_woodlands_5x15_zeroes,
          nzn_winding_woodlands_5x15_sawtooth,
          nzn_winding_woodlands_5x15_default,
          nzn_winding_woodlands_15x15_boxy_spiral,
          nzn_winding_woodlands_5x15_default,
          nzn_winding_woodlands_5x15_sidewinder,
          nzn_winding_woodlands_5x15_cabin], layout_hall_layers,
          nicolae_slime_entry_slimehenge, serial_bayou_shore_b
Lair:5:   grunt_lair_end_beastmaster, layout_regular_city,
          gauntlet_entry_generic, uniq_kirke
Swamp:1:  nicolae_swamp_secret_spriggan_hideout, layout_basic_swamp,
          serial_swamp_ruin, evilmike_swamp_ruin_house_1,
          evilmike_swamp_ruin_house_5, evilmike_swamp_ruin_rubble_2, swamp_pool5
Swamp:2:  layout_basic_swamp, nicolae_swamp_some_circles
Swamp:3:  layout_falls_marsh, nicolae_swamp_triple_paths,
          infiniplex_staircase_pool
Snake:1:  layout_layer_cave, serial_bayou, serial_bayou_pond_d,
          serial_bayou_pond_e, serial_bayou_ford_a, serial_bayou_lagoon_b,
          nicolae_snake_flat_spine, uniq_aizul
Orc:1:    layout_caves, basic_altar
Orc:2:    grunt_orc_community_town_hall, layout_caves,
          grunt_orc_community_big_house_1, grunt_orc_community_big_house_2,
          grunt_orc_community_house_1, grunt_orc_community_house_1,
          grunt_orc_community_house_1, grunt_orc_community_house_2,
          grunt_orc_community_house_2, grunt_orc_community_house_1,
          gammafunk_ghost_wrathful_warriors, minmay_orc_temple_a

Skill      XL: |  1  2  3  4  5  6  7  8  9 10 11 12 13 14 15 16 17 18 |
---------------+-------------------------------------------------------+-----
Conjurations   | 4 5 6 |  6.0
Stealth        | 3 4 5 7 8 9 |  9.7
Fighting       | 1 2 3 4 5 7 8 9 10 11 12 | 12.9
Shields        | 1 2 3 4 5 6 7 8 |  8.8
Dodging        | 2 3 4 5 6 7 |  7.3
Spellcasting   | 3 4 6 7 9 10 11 13 14 15 | 15.9
Short Blades   | 1 2 3 4 |  4.0
Ice Magic      | 1 2 4 6 7 8 9 |  9.3
Long Blades    | 1 2 3 4 5 6 7 |  7.6
Throwing       | 1 2 3 |  3.9
Poison Magic   | 2 5 6 7 8 9 |  9.0
Armour         | 1 2 3 4 5 |  5.7
Air Magic      | 3 4 5 6 |  6.0
Transmutations | 3 5 6 |  6.3
Polearms       | 3 6 7 |  7.6
Fire Magic     | 3 4 5 |  5.2
Translocations | |  0.2

Action                     |  1- 3 |  4- 6 |  7- 9 | 10-12 | 13-15 | 16-18 || total
---------------------------+-------+-------+-------+-------+-------+-------++-------
  Melee: Dagger            |    46 |    73 |    16 |    98 |   232 |    21 ||   486
         Falchion          |       |       |   111 |    61 |   132 |       ||   304
         Long sword        |       |       |       |       |    47 |       ||    47
         Lance             |       |       |       |       |   107 |   649 ||   756
  Throw: Dart              |       |       |     9 |    22 |     8 |     6 ||    45
         Boomerang         |       |       |       |     4 |    15 |    61 ||    80
   Cast: Magic Dart        |    14 |    13 |     1 |       |       |       ||    28
         Searing Ray       |     5 |    19 |    82 |    48 |    62 |    13 ||   229
         Frozen Ramparts   |       |       |     7 |    39 |    86 |    27 ||   159
         Olgreb's Toxic Ra |       |       |       |     9 |    46 |     6 ||    61
         Ozocubu's Armour  |       |       |       |       |    33 |    67 ||   100
         Mephitic Cloud    |       |       |       |       |    26 |    49 ||    75
         Poisonous Vapours |       |       |       |       |    22 |    62 ||    84
         Ignite Poison     |       |       |       |       |    19 |    69 ||    88
         Wereblood         |       |       |       |       |     2 |    22 ||    24
         Freezing Cloud    |       |       |       |       |       |    10 ||    10
         Apportation       |       |       |       |       |       |     5 ||     5
 Invoke: Curse Item        |       |       |     2 |     3 |     3 |     1 ||     9
         Shatter the Chain |       |       |       |     1 |     1 |       ||     2
Ability: Shaft Self        |       |     2 |     2 |       |       |       ||     4
         Dig               |       |     1 |       |     1 |       |     2 ||     4
    Use: Scroll            |       |     1 |       |     2 |     6 |     4 ||    13
         Potion            |       |     1 |     1 |     2 |     2 |    18 ||    24
   Stab: Sleeping          |     7 |    14 |    13 |     9 |    25 |     8 ||    76
         Distracted        |       |       |     1 |       |     1 |     2 ||     4
         Confused          |       |       |       |       |    20 |    19 ||    39
         Petrifying        |       |       |       |       |     1 |       ||     1
         Petrified         |       |       |       |       |     1 |       ||     1
 Armour: Robe              |     6 |    14 |    48 |       |       |       ||    68
         Steam dragon scal |       |       |     4 |    45 |       |       ||    49
         Troll leather arm |       |       |       |    37 |   216 |   248 ||   501
         Skin              |       |       |       |       |       |    10 ||    10
  Dodge: Dodged            |    23 |    50 |   105 |   160 |   342 |   323 ||  1003
  Block: Buckler           |     6 |    14 |    40 |    79 |   275 |   265 ||   679
         Reflection        |       |       |       |       |     4 |    19 ||    23
